 Dungeon Crawl Stone Soup version 0.30-a0-305-g026cb31310 (webtiles) character file.

Game seed: 1608718085625700825

6626 McGhostyFace the Spear-Bearer (level 11, 0/93 HPs)
             Began as a Gnoll Reaver on Oct 23, 2022.
             Was an Initiate of Ashenzari.
             Slain by an orc warrior
             ... wielding a +0 war axe
              (7 damage)
             ... in a bailey.
             The game lasted 00:37:30 (14284 turns).

McGhostyFace the Spear-Bearer (Gnoll Reaver)       Turns: 14284, Time: 00:37:31

Health: 0/93       AC:  8    Str: 11    XL:     11   Next: 2%
Magic:  30/31      EV: 14    Int: 17    God:    Ashenzari [......]
Gold:   531        SH:  0    Dex: 11    Spells: 19/25 levels left

rFire   . . .      SeeInvis .    H - +5 spear (freeze)
rCold   . . .      Faith    .    (no shield)
rNeg    . . .      Spirit   .    b - +0 leather armour
rPois   +          Reflect  .    i - +2 helmet "Circumscribed Orthodoxy" {Bglg, Evo} (curse)
rElec   .          Harm     .    g - +0 cloak
rCorr   .          Rampage  .    (no gloves)
Will    .....                    (no boots)
Stlth   +++.......               (no amulet)
HPRegen 0.35/turn                f - ring of poison resistance
MPRegen 0.22/turn                I - ring of magical power

@: on berserk cooldown, slowed, very slow
A: fangs 1, strong nose, distributed training, poison resistance, robust 1
a: Renounce Religion, Curse Item, Shatter the Chains


You were in a bailey.
You worshipped Ashenzari.
Ashenzari was noncommittal.
You visited 2 branches of the dungeon, and saw 11 of its levels.
You also visited: Sewer and Bailey.

You collected 531 gold pieces.

Inventory:

Hand Weapons
 j - a +3 vampiric dagger
 y - a +2 dagger of holy wrath
 H - a +5 spear of freezing (weapon)
Missiles
 q - a throwing net
 t - 17 poisoned darts (quivered)
Armour
 b - a +0 leather armour (worn)
 g - a +0 cloak (worn)
 i - the cursed +2 helmet "Circumscribed Orthodoxy" (worn) {Bglg, Evo}
   (You took it off Robin on level 3 of the Dungeon)

   It has a curse which improves the following skills: Beguiling: Conjurations,
   Hexes and Translocations.
   Evocations: Evocations.
 k - a +2 chain mail of willpower
 n - a scarf of shadows
 F - a +0 robe of fire resistance
Jewellery
 f - a ring of poison resistance (left hand)
 C - a ring of resist corrosion
 I - a ring of magical power (right hand)
 K - an amulet of guardian spirit
Wands
 a - a wand of quicksilver (7)
 s - a wand of flame (23)
 B - a wand of polymorph (18)
Scrolls
 e - 7 scrolls of teleportation
 o - a scroll of silence
 p - 3 scrolls of fog
 r - 2 scrolls of immolation
 u - 3 scrolls of noise
 v - 3 scrolls of fear
 w - 2 scrolls of enchant weapon
 E - a scroll of enchant armour {unknown}
Potions
 c - 4 potions of might
 d - a potion of resistance
 l - 2 potions of mutation
 m - 3 potions of brilliance
 z - 5 potions of haste
 G - a potion of invisibility


   Skills:
 + Level 7.7 Fighting
 + Level 6.0 Short Blades
 + Level 6.0 Long Blades
 + Level 6.0 Axes
 + Level 6.0 Maces & Flails
 + Level 9.0 Polearms
 + Level 6.0 Staves
 + Level 6.0 Ranged Weapons
 + Level 6.0 Throwing
 + Level 6.0 Armour
 + Level 7.7 Dodging
 + Level 6.0 Stealth
 + Level 6.0 Shields
 + Level 6.0 Unarmed Combat
 + Level 7.9 Spellcasting
 + Level 7.5(8.0) Conjurations
 + Level 5.0(5.4) Hexes
 + Level 5.0 Summonings
 + Level 5.0 Necromancy
 + Level 5.0(5.4) Translocations
 + Level 5.0 Transmutations
 + Level 5.0 Fire Magic
 + Level 5.0 Ice Magic
 + Level 5.0 Air Magic
 + Level 5.0 Earth Magic
 + Level 5.0 Poison Magic
 + Level 6.6 Invocations
 + Level 6.0(6.5) Evocations


You had 19 spell levels left.
You knew the following spells:

 Your Spells              Type           Power      Damage    Failure   Level
a - Kiss of Death         Conj/Necr      100%       2d13      1%          1
b - Searing Ray           Conj           68%        2d6       1%          2
c - Hailstorm             Conj/Ice       28%        3d8       2%          3

Your spell library contained the following spells:

 Spells                   Type           Power      Damage    Failure   Level
 Magic Dart               Conj           100%       1d8       1%          1
 Slow                     Hex            100%       N/A       1%          1
 Momentum Strike          Conj/Tloc      58%        3d9       1%          2
 Static Discharge         Conj/Air       56%        2-5/arc   1%          2
 Ensorcelled Hibernation  Hex/Ice        48%        N/A       2%          2
 Passwall                 Tmut/Erth      19%        N/A       2%          2
 Sublimation of Blood     Necr           23%        N/A       2%          2
 Confusing Touch          Hex            25%        N/A       4%          3
 Swiftness                Air            23%        N/A       4%          3
 Vampiric Draining        Necr           23%        2d7       4%          3
 Fulminant Prism          Conj/Hex       14%        3d9       9%          4
 Iskenderun's Battlesphe  Conj           34%        2d9       14%         5
 Petrify                  Tmut/Erth      23%        N/A       17%         4
 Irradiate                Conj/Tmut      14%        3d16      26%         5
 Chain Lightning          Conj/Air       14%        3d18      100%        9


Dungeon Overview and Level Annotations

Branches:
Dungeon (10/15)            Temple (1/1) D:6           Sewer (visited)
 Bailey (1/1)
   Lair: D:8-11         Orc: D:9-12

Altars:
Ashenzari
Cheibriados
Dithmenos
Elyvilon
Fedhas
Gozag
Hepliaklqana
Kikubaaqudgha
Makhleb
Nemelex Xobeh
Okawaru
Qazlal
Ru
Sif Muna
Trog
Uskayaw
Vehumet
Wu Jian
Xom
Yredelemnul
Zin
The Shining One

Shops:
D:4 =   D:6 [


Innate Abilities, Weirdness & Mutations

You have very sharp teeth.
Your uncanny sense of smell can sniff out nearby items.
Your experience applies equally to all skills.
Your system is resistant to poisons. (rPois)
You are robust. (+10% HP)


Message History

The kobold throws a boomerang.
The boomerang closely misses you.
You puncture the orc warrior! You freeze the orc warrior.
You punch the orc warrior, but do no damage.
The orc warrior is almost dead.
The orc warrior hits you with a +0 war axe!
* * * LOW HITPOINT WARNING * * *
You barely miss the orc warrior.
The orc warrior is almost dead.
You puncture the orc warrior! You freeze the orc warrior.
You kill the orc warrior!
The orc warrior hits you with a +0 war axe.
* * * LOW HITPOINT WARNING * * *
The orc warrior closely misses you.
Unknown command.
You barely miss the kobold. The kobold hits you.
* * * LOW HITPOINT WARNING * * *
You closely miss the kobold. Your bite misses the kobold.
The orc warrior hits you with a +0 war axe.
* * * LOW HITPOINT WARNING * * *
The orc warrior barely misses you.
Unknown command.
The orc warrior hits you with a +0 war axe!
* * * LOW HITPOINT WARNING * * *
The orc warrior hits you with a +0 war axe!
* * * LOW HITPOINT WARNING * * *
Items here: )) [[ †.
You feel a strong urge to attack something.
The hobgoblin shouts!
You hear a shout!
The goblin shouts!
You closely miss the orc warrior.
You are no longer berserk.
You are exhausted.
You feel yourself slow down. The kobold hits you.
* * * LOW HITPOINT WARNING * * *
You hit the orc warrior. You freeze the orc warrior.
The orc warrior is lightly wounded.
The orc warrior barely misses you. The kobold closely misses you.
You feel better.
The orc warrior hits you with a +0 war axe!
You die...

####.#############
.K....().........####
#########)).........## ∆ ∆
##(#.........## ∆
#..#...)⌠.....#
#..###.......##
###'####Ko+∆#.....###
^.g..g^@o.###......##### #
####'####..#......≈≈≈≈≈≈≈
≈## #.......####.≈≈~≈≈≈≈≈≈≈#
≈≈≈K#...!gg.#K≈≈≈≈≈≈~....###
≈≈≈≈#########≈≈≈≈≈.)....##
#≈≈≈≈≈≈≈≈≈≈≈≈≈≈..((...##
#≈≈≈≈≈≈≈≈≈........###
#..........(..####
##..∩......####


You could see 2 orc warriors, a hobgoblin, a goblin and a kobold.

Vanquished Creatures
  A wizard (D:9)
  A gargoyle (D:9)
  A hornet (D:8)
  Sigmund (D:4)
  2 wyverns
  6 yaks
  A steam dragon (D:8)
  Duvessa (D:4)
  A black bear (D:4)
  8 orc warriors
  4 ice beasts
  3 ogres
  4 centaurs
  3 bullfrogs
  3 kobold brigands
  3 gnoll sergeants
  A necrophage (D:7)
  2 scorpions (D:6)
  8 wights (D:7)
  Dowan (D:4)
  2 vampire bats (D:6)
  A howler monkey (D:9)
  A crimson imp (D:9)
  3 hounds
  2 jellies
  3 orc priests
  2 iguanas
  13 orc wizards
  Robin (D:3)
  14 gnolls
  4 adders
  2 shadow imps
  3 white imps
  3 ufetubi (D:5)
  4 worms
  3 dart slugs
  28 orcs
  5 bat skeletons (D:6)
  A bat zombie (D:6)
  8 endoplasms
  4 giant cockroaches
  12 goblins
  10 hobgoblins
  2 quokkas (D:1)
  13 ball pythons
  8 bats
  5 frilled lizards
  23 kobolds
  11 rats
246 creatures vanquished.

Vanquished Creatures (others)
  A butterfly (D:8)
  A plant (D:3)
2 creatures vanquished.

Grand Total: 248 creatures vanquished

Notes
Turn   | Place    | Note
-------+----------+-------------------------------------------
     0 | D:1      | McGhostyFace the Gnoll Reaver began the quest for the Orb.
     0 | D:1      | Reached XP level 1. HP: 20/20 MP: 6/6
   205 | D:1      | You fall into a shaft and drop 1 floor!
   219 | D:2      | Reached XP level 2. HP: 20/26 MP: 7/7
   688 | D:2      | Reached skill level 5 in Spellcasting
   688 | D:2      | Reached XP level 3. HP: 6/31 MP: 7/9
  1199 | D:3      | Reached skill level 1 in Invocations
  1283 | D:3      | Noticed Robin
  1375 | D:3      | Reached skill level 1 in Short Blades
  1375 | D:3      | Reached skill level 1 in Long Blades
  1375 | D:3      | Reached skill level 1 in Axes
  1375 | D:3      | Reached skill level 1 in Maces & Flails
  1375 | D:3      | Reached skill level 1 in Staves
  1375 | D:3      | Reached skill level 1 in Ranged Weapons
  1375 | D:3      | Reached skill level 1 in Throwing
  1375 | D:3      | Reached skill level 1 in Armour
  1375 | D:3      | Reached skill level 1 in Stealth
  1375 | D:3      | Reached skill level 1 in Shields
  1375 | D:3      | Reached skill level 1 in Unarmed Combat
  1375 | D:3      | Reached skill level 1 in Evocations
  1442 | D:3      | Killed Robin
  1443 | D:3      | Reached XP level 4. HP: 25/35 MP: 9/11
  1684 | D:3      | Noticed an ogre
  1898 | D:1      | Reached skill level 1 in Hexes
  1898 | D:1      | Reached skill level 1 in Summonings
  1898 | D:1      | Reached skill level 1 in Necromancy
  1898 | D:1      | Reached skill level 1 in Translocations
  1898 | D:1      | Reached skill level 1 in Transmutations
  1898 | D:1      | Reached skill level 1 in Fire Magic
  1898 | D:1      | Reached skill level 1 in Ice Magic
  1898 | D:1      | Reached skill level 1 in Air Magic
  1898 | D:1      | Reached skill level 1 in Earth Magic
  1898 | D:1      | Reached skill level 1 in Poison Magic
  2330 | D:2      | Learned a level 2 spell: Searing Ray
  2339 | D:3      | Killed an ogre
  2340 | D:3      | Reached XP level 5. HP: 16/43 MP: 6/12
  2560 | D:3      | Found a blossoming altar of Fedhas.
  2711 | D:3      | Reached XP level 6. HP: 49/50 MP: 13/13
  3368 | D:4      | Found Ihya's Jewellery Shop.
  3505 | D:4      | Reached skill level 5 in Fighting
  3505 | D:4      | Reached skill level 5 in Dodging
  4024 | D:4      | Noticed a black bear
  4028 | D:4      | Killed a black bear
  4029 | D:4      | Reached skill level 7 in Polearms
  4029 | D:4      | Reached XP level 7. HP: 47/54 MP: 9/15
  4141 | D:4      | Noticed Dowan
  4144 | D:4      | Noticed Duvessa
  4180 | D:4      | Gained mutation: Your system is resistant to poisons.
                  | (rPois) [potion of mutation]
  4180 | D:4      | Gained mutation: You are robust. (+10% HP) [potion of
                  | mutation]
  4208 | D:4      | Killed Duvessa
  4216 | D:4      | Killed Dowan
  4630 | D:4      | Noticed Sigmund
  4671 | D:4      | Killed Sigmund
  4868 | D:4      | Learned a level 3 spell: Hailstorm
  4878 | D:5      | Entered Level 5 of the Dungeon
  5159 | D:5      | Found a stormy altar of Qazlal.
  5195 | D:5      | Reached XP level 8. HP: 43/69 MP: 16/16
  5294 | D:5      | Found an iron altar of Okawaru.
  5499 | D:5      | Found a sacrificial altar of Ru.
  5508 | D:5      | Found an ornate altar of the Wu Jian Council.
  5684 | D:5      | Found a bloodstained altar of Trog.
  5725 | D:5      | Found a hazy altar of Hepliaklqana.
  5753 | D:5      | Found an opulent altar of Gozag.
  5921 | D:6      | Found a sparkling altar of Nemelex Xobeh.
  6048 | D:6      | Found Vusishroo's Armour Emporium.
  6154 | D:6      | Found a glowing golden altar of the Shining One.
  6257 | D:6      | Found a glowing drain.
  6301 | Sewer    | Entered a sewer
  6920 | D:6      | Found an ancient bone altar of Kikubaaqudgha.
  7066 | D:6      | Found a basalt altar of Yredelemnul.
  7261 | D:6      | Found a staircase to the Ecumenical Temple.
  7311 | Temple   | Entered the Ecumenical Temple
  7528 | D:6      | Reached XP level 9. HP: 51/75 MP: 10/18
  8211 | D:6      | Found a broken altar of Ashenzari.
  8594 | D:6      | Became a worshipper of Ashenzari the Shackled
  9163 | D:7      | Reached skill level 8 in Polearms
  9351 | D:7      | Reached skill level 5 in Invocations
 10089 | D:8      | Found a white marble altar of Elyvilon.
 10601 | D:8      | Reached skill level 5 in Short Blades
 10601 | D:8      | Reached skill level 5 in Long Blades
 10601 | D:8      | Reached skill level 5 in Axes
 10601 | D:8      | Reached skill level 5 in Maces & Flails
 10601 | D:8      | Reached skill level 5 in Staves
 10601 | D:8      | Reached skill level 5 in Ranged Weapons
 10601 | D:8      | Reached skill level 5 in Throwing
 10601 | D:8      | Reached skill level 5 in Armour
 10601 | D:8      | Reached skill level 5 in Stealth
 10601 | D:8      | Reached skill level 5 in Shields
 10601 | D:8      | Reached skill level 5 in Unarmed Combat
 10601 | D:8      | Reached skill level 5 in Evocations
 10601 | D:8      | Reached XP level 10. HP: 6/77 MP: 18/20
 12044 | D:9      | Found a glowing silver altar of Zin.
 13083 | D:9      | Noticed a wizard
 13106 | D:9      | Killed a wizard
 13133 | D:9      | Got Nefuucit's Dissertation on Bolts
 13315 | D:10     | Entered Level 10 of the Dungeon
 13448 | D:10     | Found a flagged portal.
 13480 | D:10     | Noticed a gargoyle
 13714 | D:9      | Killed a gargoyle
 13939 | D:10     | Reached skill level 9 in Polearms
 13988 | Bailey   | Entered a bailey
 14188 | Bailey   | Reached skill level 5 in Hexes
 14188 | Bailey   | Reached skill level 5 in Summonings
 14188 | Bailey   | Reached skill level 5 in Necromancy
 14188 | Bailey   | Reached skill level 5 in Translocations
 14188 | Bailey   | Reached skill level 5 in Transmutations
 14188 | Bailey   | Reached skill level 5 in Fire Magic
 14188 | Bailey   | Reached skill level 5 in Ice Magic
 14188 | Bailey   | Reached skill level 5 in Air Magic
 14188 | Bailey   | Reached skill level 5 in Earth Magic
 14188 | Bailey   | Reached skill level 5 in Poison Magic
 14208 | Bailey   | Reached XP level 11. HP: 26/93 MP: 21/22
 14279 | Bailey   | HP: 2/139 [orc warrior/+0 war axe (8)]
 14284 | Bailey   | Slain by an orc warrior

Illustrated notes

Levels and vault maps discovered:
D:1:      dreamdust_arrival_sigmund_warning, layout_loops_cross
D:2:      layout_rooms
D:3:      layout_basic, fedhas_altar_1, minmay_misc_feat_cross, st_stairs_11,
          wander_ebering_terrifying_dragon_lair, uniq_robin
D:4:      layout_gridville, serial_shops, shop, uniq_sigmund, uniq_duvessa
D:5:      layout_basic, nicolae_overflow_hidden_temple,
          nicolae_hepliaklqana_hippocampus, mainiacjoe_overflow_catch_the_wave
D:6:      layout_cave_pods, general_overflow_altar, kennysheep_vampire_church,
          mainiacjoe_overflow_six_doors_small, lemuel_coloured_pillars_altar,
          nemelex_xobeh_ov_fountains_minmay, minmay_temple_entry_mini_moons,
          serial_shops, shop, portal_sewer_entry_b, kennysheep_generic_room_3
D:7:      layout_loops_corners
D:8:      layout_basic, nicolae_elyvilon_peaceful_grove
D:9:      layout_grid_maze, amcnicky_altar_gilded, serial_glass,
          glass_columns_a, glass_columns_a, glass_columns_c, glass_columns_c,
          lightli_wizard_tower
D:10:     cheibrodos_fzero, layout_gridville, orc_0_dummy, enter_bailey_8,
          kennysheep_potato
Temple:   nicolae_temple_great_sept
Bailey:   bailey_axe_4, bailey

Skill      XL: |  1  2  3  4  5  6  7  8  9 10 |
---------------+-------------------------------+-----
Spellcasting   | 5 6 7 |  7.9
Invocations    | 1 2 3 4 5 6 |  6.6
Short Blades   | 1 2 3 5 6 |  6.0
Long Blades    | 1 2 3 5 6 |  6.0
Axes           | 1 2 3 5 6 |  6.0
Maces & Flails | 1 2 3 5 6 |  6.0
Staves         | 1 2 3 5 6 |  6.0
Ranged Weapons | 1 2 3 5 6 |  6.0
Throwing       | 1 2 3 5 6 |  6.0
Armour         | 1 2 3 5 6 |  6.0
Stealth        | 1 2 3 5 6 |  6.0
Shields        | 1 2 3 5 6 |  6.0
Unarmed Combat | 1 2 3 5 6 |  6.0
Evocations     | 1 2 3 5 6 |  6.0
Hexes          | 1 2 3 4 5 |  5.0
Summonings     | 1 2 3 4 5 |  5.0
Necromancy     | 1 2 3 4 5 |  5.0
Translocations | 1 2 3 4 5 |  5.0
Transmutations | 1 2 3 4 5 |  5.0
Fire Magic     | 1 2 3 4 5 |  5.0
Ice Magic      | 1 2 3 4 5 |  5.0
Air Magic      | 1 2 3 4 5 |  5.0
Earth Magic    | 1 2 3 4 5 |  5.0
Poison Magic   | 1 2 3 4 5 |  5.0
Fighting       | 5 6 7 |  7.7
Dodging        | 5 6 7 |  7.7
Polearms       | 7 8 9 |  9.0
Conjurations   | 6 7 |  7.5

Action                   |  1- 3 |  4- 6 |  7- 9 | 10-12 || total
-------------------------+-------+-------+-------+-------++-------
Melee: Spear             |   141 |   162 |   141 |   221 ||   665
       Bite              |    13 |    13 |    44 |    21 ||    91
       Punch             |     1 |     2 |    15 |     8 ||    26
       Dagger            |       |       |   256 |       ||   256
Throw: Dart              |       |       |    18 |    20 ||    38
 Cast: Kiss of Death     |     1 |     3 |     3 |       ||     7
       Searing Ray       |       |     5 |    25 |    18 ||    48
       Hailstorm         |       |       |     5 |     4 ||     9
Invok: Curse Item        |       |       |       |     1 ||     1
Evoke: Wand              |       |       |    13 |       ||    13
  Use: Potion            |       |       |    10 |     3 ||    13
       Scroll            |       |       |     9 |     4 ||    13
 Stab: Sleeping          |     2 |     5 |     5 |     1 ||    13
Armor: Leather armour    |    38 |    31 |   159 |    53 ||   281
       Skin              |       |       |    38 |       ||    38
       Chain mail        |       |       |    16 |       ||    16
Dodge: Dodged            |    57 |    56 |   374 |   167 ||   654

Table legend: (Time is in decaauts)
 A = Elapsed time spent in this place.
 B = Non-inter-level travel time spent in this place.
 C = Inter-level travel time spent in this place.
 D = Time resting spent in this place.
 E = Time spent auto-exploring this place.
 F = Levels seen in this place.
 G = Mean time per level.
                   A        B        C        D        E       F      G
               +--------+--------+--------+--------+--------+-----+--------+
         Total |  14095 |  13404 |    691 |   4179 |   6273 |  13 | 1084.2 |
       Dungeon |  13105 |  12414 |    691 |   3936 |   5911 |  10 | 1310.5 |
        Temple |    158 |    158 |      0 |      0 |    132 |   1 |  158.0 |
         Sewer |    558 |    558 |      0 |    120 |    211 |   1 |  558.0 |
        Bailey |    272 |    272 |      0 |    123 |     18 |   1 |  272.0 |
               +--------+--------+--------+--------+--------+-----+--------+

Top non-repeatable levels by time:
     D:6: 1897 daAuts
     D:7: 1891 daAuts
     D:3: 1661 daAuts
     D:9: 1631 daAuts
     D:8: 1599 daAuts
     D:4: 1496 daAuts
     D:5: 1135 daAuts
     D:2: 852 daAuts
     D:1: 791 daAuts
   Sewer: 558 daAuts
  Bailey: 272 daAuts
  Temple: 158 daAuts
    D:10: 148 daAuts
